 Dungeon Crawl Stone Soup version 0.27-a0-334-g52645efa06 (webtiles) character file.

Game seed: 7113799623502692627

4 inc the Vexing (level 1, -1/7 HPs)
             Began as a Felid Enchanter on Feb 13, 2021.
             Slain by an adder (5 damage)
             ... on level 2 of the Dungeon.
             The game lasted 00:00:24 (863 turns).

inc the Vexing (Felid Enchanter)                     Turns: 863, Time: 00:00:24

Health: -1/7       AC:  1    Str:  4    XL:     1   Next: 58%
Magic:  4/4        EV: 18    Int: 16    God:
Gold:   74         SH:  0    Dex: 16    Spells: 3/4 levels left
                                        Lives:  0   Deaths: 0

rFire    . . .     SeeInvis +     - Unarmed
rCold    . . .     Faith    .   (shield unavailable)
rNeg     . . .     Spirit   .   (armour unavailable)
rPois    .         Reflect  .   (helmet unavailable)
rElec    .         Harm     .   (cloak unavailable)
rCorr    .         Rampage  .   (gloves unavailable)
Will     .....                  (boots unavailable)
Stlth    +++.......             (no amulet)
HPRegen  0.02/turn              (no ring)
MPRegen  0.09/turn              (no ring)

@: quick
A: very small, no armour, no weapons or thrown items, stealth, claws 1, fangs 3,
see invisible, speed 1, shaggy fur 1, sharp paws
a: no special abilities


You were on level 2 of the Dungeon.
You visited 1 branch of the dungeon, and saw 2 of its levels.

You collected 74 gold pieces.

Inventory:

Jewellery
 a - a ring of positive energy {unknown}
Scrolls
 b - a scroll of noise {unknown}
 d - a scroll of identify {unknown}
Potions
 c - 2 potions of brilliance {unknown}


   Skills:
 - Level 2.6 Dodging
 - Level 4.0 Stealth
 + Level 1.7 Unarmed Combat
 - Level 2.0 Spellcasting
 - Level 4.4 Hexes


You had 3 spell levels left.
You knew the following spells:

 Your Spells              Type           Power        Failure   Level
a - Corona                Hex            16%          3%          1

Your spell library contained the following spells:

 Spells                   Type           Power        Failure   Level
 Confusing Touch          Hex            15%          11%         3
 Tukima's Dance           Hex            15%          11%         3
 Ensorcelled Hibernation  Hex/Ice        16%          13%         2
 Dazzling Flash           Conj/Hex       16%          26%         3


Dungeon Overview and Level Annotations

Branches:
Dungeon (2/15)

Altars:


Innate Abilities, Weirdness & Mutations

You cannot wear armour.
You are incapable of wielding weapons or throwing items.
Your paws allow you to move quietly. (Stealth)
You have sharp claws.
You have razor-sharp teeth.
You have supernaturally acute eyesight. (SInv)
You cover ground quickly.
You are covered in fur. (AC +1)
Your sharp claws are effective at attacking unaware monsters.


Message History

You kill the leopard gecko!
You start resting.
HP restored.
Found 27 stones.
A hobgoblin comes into view. It is wielding a +0 club.
A hobgoblin is nearby!
The hobgoblin shouts!
The hobgoblin completely misses you.
You scratch the hobgoblin but do no damage.
You barely miss the hobgoblin. The hobgoblin hits you with a +0 club.
Ouch! That really hurt!
* * * LOW HITPOINT WARNING * * *
There is a stone staircase leading down here.
You climb downwards.
There is a stone staircase leading up here.
You start resting.
HP restored.
A rat comes into view.
A rat is nearby!
You closely miss the rat. The rat completely misses you.
You closely miss the rat. The rat closely misses you.
You scratch the rat but do no damage. The rat closely misses you.
You closely miss the rat. You bite the rat.
You kill the rat!
No target in view!
You see here a rat corpse.
You now have 74 gold pieces (gained 8).
Found a stone staircase leading down.
Found a stone staircase leading up.
An adder comes into view.
Found a spear.
The adder hisses angrily.
You closely miss the adder. Your bite misses the adder. The adder bites you.
The adder closely misses you.
You barely miss the adder. The adder closely misses you.
You scratch the adder.
The adder is moderately wounded.
The adder bites you.
Ouch! That really hurt!
You die...

#.#....###### # #.#
#.#......... .# # #.#
#.#..####.###.#.#.#.#####
#.#.....................#
#.#...#.......#.#.#.##.##
#...#.......# #.#.##<#
#..<#.......# # #.####
#..##...##..# ..#
#.......@S..# ###
........##.## ...#......
.. ?..#.####. #)# ...#. #
#. #.


You could see an adder.

Vanquished Creatures
  A leopard gecko (D:1)
  A hobgoblin (D:1)
  A kobold (D:1)
  A rat (D:2)
4 creatures vanquished.

Notes
Turn   | Place    | Note
-------+----------+-------------------------------------------
     0 | D:1      | inc the Felid Enchanter began the quest for the Orb.
     0 | D:1      | Reached XP level 1. HP: 7/7 MP: 4/4
   863 | D:2      | Slain by an adder

Illustrated notes

Levels and vault maps discovered:
D:1:      minmay_arrival_five_plusses, layout_rooms
D:2:      layout_basic, serial_curves, eino_curves_01, eino_curves_02,
          eino_curves_03, eino_curves_02, uniq_robin

Action                   || total
-------------------------++-------
Melee: Unarmed           ||    24
       Bite              ||     3
 Cast: Corona            ||     1
 Stab: Sleeping          ||     1
Armor: Skin              ||     1
Dodge: Dodged            ||    16

Table legend: (Time is in decaauts)
 A = Elapsed time spent in this place.
 B = Non-inter-level travel time spent in this place.
 C = Inter-level travel time spent in this place.
 D = Time resting spent in this place.
 E = Time spent auto-exploring this place.
 F = Levels seen in this place.
 G = Mean time per level.
                   A        B        C        D        E       F      G
               +--------+--------+--------+--------+--------+-----+--------+
         Total |    802 |    802 |      0 |    520 |    220 |   2 |  401.0 |
       Dungeon |    802 |    802 |      0 |    520 |    220 |   2 |  401.0 |
               +--------+--------+--------+--------+--------+-----+--------+

Top non-repeatable levels by time:
     D:1: 507 daAuts
     D:2: 295 daAuts
